 Dungeon Crawl Stone Soup version 0.26.1-11-gd32895ea62 (webtiles) character file.

Game seed: 7884185342058465974

4700 ABBCCCDDDD the Grappler (level 10, -9/69 HPs)
             Began as an Octopode Gladiator on July 8, 2021.
             Was a Plaything of Xom.
             Mangled by a boulder beetle (32 damage)
             ... on level 10 of the Dungeon.
             The game lasted 00:21:39 (10122 turns).

ABBCCCDDDD the Grappler (Octopode Gladiator)       Turns: 10122, Time: 00:21:39

Health: -9/69      AC:  1    Str: 14      XL:     10   Next: 45%
Magic:  0/10       EV: 17    Int: 19 (20) God:    Xom [*.....]
Gold:   605        SH:  5    Dex: 15      Spells: 4/9 levels left

rFire    . . .     SeeInvis .     - Unarmed
rCold    . . .     Faith    .   K - +0 buckler
rNeg     . . .     Spirit   +   a - +0 hat
rPois    .         Reflect  .   E - amulet of guardian spirit
rElec    .         Harm     .   p - +4 ring of slaying
rCorr    +         Rampage  .   x - +6 ring of intelligence
Will     .....                  L - ring of stealth
Stlth    +++++.....             O - ring of resist corrosion
HPRegen  0.21/turn              (no ring)
MPRegen  0.12/turn              (no ring)
                                (no ring)
                                (no ring)

@: about to teleport
A: almost no armour, stealthy swim, amphibious, 8 rings, constrict 8, camouflage
1, agile 1, deterioration 1, gelatinous body 1, MP-powered wands
a: Renounce Religion


You were on level 10 of the Dungeon.
You worshipped Xom.
You were a special plaything of Xom.
You visited 2 branches of the dungeon, and saw 11 of its levels.

You collected 605 gold pieces.

Inventory:

Hand Weapons
 h - a +0 spear
 i - a +0 hunting sling
 o - a +1 dagger of venom
Missiles
 b - 3 throwing nets
 c - 332 stones
 r - 3 atropa-tipped darts
 w - 36 poisoned darts (quivered)
Armour
 a - a +0 hat (worn)
 K - a +0 buckler (worn)
Jewellery
 p - a +4 ring of slaying (left tentacle)
 x - a +6 ring of intelligence (right tentacle)
 E - an amulet of guardian spirit (around mantle)
 L - a ring of stealth (on tentacle)
 O - a ring of resist corrosion (on tentacle)
 P - an uncursed amulet of regeneration {unknown}
Wands
 y - a wand of digging (6)
 A - a wand of flame (28)
 D - a wand of polymorph (12)
 N - a wand of acid (11)
Scrolls
 d - 4 scrolls of remove curse
 e - 2 scrolls of enchant armour
 f - a scroll of vulnerability {unknown}
 g - 3 scrolls of teleportation
 k - 6 scrolls of enchant weapon
 m - 4 scrolls of immolation
 n - a scroll of blinking {unknown}
 s - 3 scrolls of random uselessness {unknown}
 G - a scroll of fog {unknown}
 I - a scroll of silence {unknown}
 J - a scroll of fear {unknown}
 M - 3 scrolls of identify
Potions
 j - 3 potions of heal wounds
 l - a potion of cancellation
 q - 2 potions of haste
 t - a potion of mutation {unknown}
 u - 2 potions of curing
 v - 3 potions of flight {unknown}
 z - 2 potions of might {unknown}
 B - a potion of lignification {unknown}
 C - a potion of attraction {unknown}
 F - a potion of brilliance {unknown}
 H - a potion of magic {unknown}


   Skills:
 + Level 6.4 Fighting
 - Level 2.0 Throwing
 - Level 6.2 Dodging
 - Level 4.0 Stealth
 * Level 3.8 Shields
 - Level 10.1 Unarmed Combat
 - Level 4.0 Conjurations
 - Level 5.0 Evocations


You had 4 spell levels left.
You knew the following spells:

 Your Spells              Type           Power        Failure   Level
a - Searing Ray           Conj           30%          6%          2
b - Conjure Flame         Conj/Fire      7%           26%         3

Your spell library contained the following spells:

 Spells                   Type           Power        Failure   Level
 Magic Dart               Conj           60%          4%          1
 Dazzling Flash           Conj/Hex       14%          26%         3
 Poisonous Vapours        Pois/Air       0%           30%         2
 Mephitic Cloud           Conj/Pois/Air  5%           36%         3
 Fulminant Prism          Conj/Hex       3%           65%         4
 Iskenderun's Mystic Bla  Conj/Tloc      7%           65%         4
 Irradiate                Conj/Tmut      3%           94%         5
 Freezing Cloud           Conj/Ice/Air   2%           100%        6
 Hydra Form               Tmut           0%           100%        6
 Statue Form              Tmut/Erth      0%           100%        6
 Dragon Form              Tmut           0%           100%        7


Dungeon Overview and Level Annotations

Branches:
Dungeon (10/15)            Temple (1/1) D:4
   Lair: D:8-11         Orc: D:9-12

Altars:
Ashenzari
Cheibriados
Dithmenos
Elyvilon
Fedhas
Gozag
Hepliaklqana
Kikubaaqudgha
Makhleb
Nemelex Xobeh
Okawaru
Qazlal
Ru
Sif Muna
Trog
Uskayaw
Vehumet
Wu Jian
Xom
Yredelemnul
Zin
The Shining One

Annotations:
D:3 exclusion: downstairs
D:4 Edmund


Innate Abilities, Weirdness & Mutations

You cannot wear most types of armour.
You are very stealthy in the water. (Stealth+)
You are amphibious.
You can wear up to eight rings at the same time.
You can use your tentacles to constrict eight enemies at once.
Your skin changes colour to match your surroundings (Stealth+).
Your rubbery body absorbs attacks. (AC +1, EV +1)
You are agile. (Dex +2)
Your body sometimes deteriorates upon taking damage.
You expend magic power (3 MP) to strengthen your wands.


Message History

There is an open door here.
You open the door.
There is an open door here.
A boulder beetle comes into view.
A boulder beetle is nearby!
A centaur warrior zombie comes into view.
The helpless boulder beetle fails to defend itself.
You tentacle-slap the boulder beetle but do no damage.
The boulder beetle bites you!
Your body deteriorates!
You feel dopey.
You tentacle-slap the boulder beetle but do no damage.
The boulder beetle bites you!!
You are too injured to fight recklessly!
You are too injured to fight recklessly!
As you read the scroll of teleportation, it crumbles to dust.
You feel strangely unstable. The boulder beetle bites you!
The boulder beetle curls into a ball and begins rolling!
The boulder beetle hits you!!
You die...
Xom guffaws!

######.#.......#
#........#####.#
...####.### #.#
##.# #..# #.##
#.# #@# ##B#
#.○# #○## #°#
#.# ... #.# ..#


You could see a boulder beetle.

Vanquished Creatures
  A two-headed ogre (D:8)
  A troll (D:9)
  2 sky beasts
  2 orc warriors (D:8)
  2 ice beasts
  4 centaurs
  4 ogres
  2 big kobolds
  2 bullfrogs
  4 scorpions
  6 killer bees
  5 howler monkeys
  3 wights (D:7)
  5 bullfrog zombies (D:5)
  A centaur zombie (D:5)
  2 bullfrog skeletons
  4 hounds
  2 centaur skeletons
  9 orc priests
  A gnoll shaman (D:6)
  2 iguanas
  Ijyb (D:3)
  13 orc wizards
  4 worker ants
  A hound zombie (D:5)
  2 worker ant zombies
  A howler monkey skeleton (D:5)
  4 gnolls
  11 adders
  2 oozes
  An adder zombie (D:5)
  2 adder skeletons
  3 worms
  5 leopard geckos
  35 orcs
  2 ball pythons (D:3)
  4 giant cockroaches
  14 goblins
  8 hobgoblins
  13 jackals
  3 quokkas
  8 bats
  5 frilled lizards
  A giant cockroach zombie (D:5)
  A jackal zombie (D:5)
  18 kobolds
  2 leopard gecko zombies (D:5)
  A quokka zombie (D:7)
  15 rats
244 creatures vanquished.

Vanquished Creatures (others)
  3 killer bees (D:7)
  A worker ant (D:8)
  17 plants (D:5)
21 creatures vanquished.

Grand Total: 265 creatures vanquished

Notes
Turn   | Place    | Note
-------+----------+-------------------------------------------
     0 | D:1      | ABBCCCDDDD the Octopode Gladiator began the quest for the
                  | Orb.
     0 | D:1      | Reached XP level 1. HP: 14/14 MP: 1/1
   359 | D:1      | Reached XP level 2. HP: 19/19 MP: 2/2
   929 | D:2      | Reached XP level 3. HP: 25/25 MP: 3/3
   987 | D:2      | Noticed an ogre
  1012 | D:2      | Reached skill level 4 in Unarmed Combat
  1251 | D:2      | Reached XP level 4. HP: 30/30 MP: 4/4
  1878 | D:2      | Found an iron altar of Okawaru.
  2176 | D:3      | Reached skill level 5 in Unarmed Combat
  2218 | D:3      | Reached XP level 5. HP: 36/36 MP: 5/5
  2332 | D:3      | Noticed Ijyb
  2513 | D:3      | Reached skill level 1 in Stealth
  3148 | D:3      | Learned a level 2 spell: Searing Ray
  3355 | D:4      | Noticed Edmund
  3382 | D:3      | Killed Ijyb
  3383 | D:3      | Reached XP level 6. HP: 42/42 MP: 6/6
  3575 | D:4      | Reached skill level 1 in Conjurations
  3893 | D:4      | Reached skill level 6 in Unarmed Combat
  4116 | D:4      | Found a radiant altar of Vehumet.
  4130 | D:4      | Reached XP level 7. HP: 47/47 MP: 7/7
  4177 | D:4      | Found a staircase to the Ecumenical Temple.
  4186 | Temple   | Entered the Ecumenical Temple
  4390 | Temple   | Became a worshipper of Xom of Chaos
  4578 | D:5      | Entered Level 5 of the Dungeon
  4788 | D:5      | XOM: potion effect (curing)
  4908 | D:5      | Reached skill level 7 in Unarmed Combat
  5060 | D:5      | Reached XP level 8. HP: 45/54 MP: 6/8
  5155 | D:5      | Found a sacrificial altar of Ru.
  5538 | D:5      | XOM: potion effect (curing)
  5544 | D:5      | Reached skill level 8 in Unarmed Combat
  5583 | D:5      | Found a shimmering blue altar of Sif Muna.
  5667 | D:5      | XOM is BORED!
  5667 | D:5      | XOM: silly message
  5761 | D:5      | Reached skill level 1 in Evocations
  5762 | D:5      | Identified Sif Muna's Catalogue of Battle Magic
  5986 | D:5      | XOM: divination: magic mapping
  6345 | D:6      | Found a snail-covered altar of Cheibriados.
  6359 | D:6      | Reached XP level 9. HP: 53/59 MP: 7/9
  6445 | D:6      | XOM: cast spell 'Statue Form'
  6499 | D:6      | XOM: scenery: summon butterflies
  6535 | D:6      | Reached skill level 9 in Unarmed Combat
  6647 | D:6      | XOM: give mutation
  6647 | D:6      | Gained mutation: You expend magic power (3 MP) to
                  | strengthen your wands. [Xom's grace]
  6683 | D:6      | Found a hide-covered altar of Uskayaw.
  6781 | D:6      | XOM: cloud trail
  7055 | D:7      | XOM: destruction
  7253 | D:7      | Reached skill level 5 in Fighting
  7587 | D:7      | XOM is BORED!
  7741 | D:8      | XOM: destruction
  7886 | D:8      | XOM: divination: detect creatures
  8049 | D:8      | Found a white marble altar of Elyvilon.
  8084 | D:8      | Reached skill level 5 in Dodging
  8157 | D:8      | Noticed a two-headed ogre
  8167 | D:8      | XOM: silly message
  8169 | D:8      | Killed a two-headed ogre
  8170 | D:8      | Reached skill level 10 in Unarmed Combat
  8170 | D:8      | Reached skill level 5 in Evocations
  8170 | D:8      | Reached XP level 10. HP: 67/68 MP: 8/10
  8173 | D:8      | XOM: 2-stop teleportation journey
  8455 | D:8      | Found a white marble altar of Elyvilon.
  8680 | D:8      | Found an opulent altar of Gozag.
  8795 | D:8      | XOM: draining
  9027 | D:9      | Learned a level 3 spell: Conjure Flame
  9089 | D:9      | XOM: 2-stop teleportation journey
  9105 | D:9      | Reached skill level 1 in Shields
  9116 | D:9      | XOM: give mutations
  9116 | D:9      | Gained mutation: Your body sometimes deteriorates upon
                  | taking damage. [Xom's mischief]
  9116 | D:9      | Gained mutation: You are robust. (+10% HP) [Xom's mischief]
  9116 | D:9      | Lost mutation: You are robust. (+10% HP) [Xom's mischief]
  9116 | D:9      | Gained mutation: You are agile. (Dex +2) [Xom's mischief]
  9401 | D:9      | XOM: confusion (+ monsters)
  9619 | D:9      | Found a broken altar of Ashenzari.
  9741 | D:9      | Found a sparkling altar of Nemelex Xobeh.
  9941 | D:9      | XOM: summons 2 hostile shadow creatures
 10014 | D:10     | Entered Level 10 of the Dungeon
 10110 | D:10     | Noticed a boulder beetle
 10122 | D:10     | Mangled by a boulder beetle

Illustrated notes

Levels and vault maps discovered:
D:1:      dpeg_arrival_solitude, layout_basic
D:2:      minmay_door_path, layout_rooms, lemuel_coloured_pillars_altar
D:3:      layout_rooms, uniq_ijyb
D:4:      layout_basic, minmay_temple_entry_crystal_x, st_stairs_4,
          vehumet_altar_wand_db, uniq_edmund
D:5:      layout_loops_corners, led_sif_book, nicolae_overflow_crystal_walls,
          serial_undead, serial_undead_e, serial_undead_d, serial_undead_b,
          serial_undead_c, serial_undead_f, serial_undead_d,
          nrook_pool_corridor, serial_bayou_lagoon_b
D:6:      layout_rooms, kennysheep_mini, cheibriados_altar_1,
          minmay_misc_feat_rugged
D:7:      layout_gridville, serial_park_tiny_pond, nrook_campfire
D:8:      layout_rooms, grunt_gozag_statues, marbit_many_paths,
          chequers_hall_statues_wall_a, minmay_misc_feat_enclosed,
          elyvilon_altar_1
D:9:      layout_irregular_city, kennysheep_mini_moat,
          nemelex_xobeh_ov_fountains_minmay
D:10:     layout_roguey, lair_entry_dummy, hiddenorc2_lemuel, serial_shops,
          shop_fountains, hangedman_decor_riveting, xom_shifter_show
Temple:   dpeg_chambers_temple

Skill      XL: |  1  2  3  4  5  6  7  8  9 10 |
---------------+-------------------------------+-----
Unarmed Combat | 4 5 6 7 8 10 | 10.1
Fighting       | 3 4 6 |  6.4
Stealth        | 2 3 4 |  4.0
Conjurations   | 1 3 4 |  4.0
Evocations     | 2 5 |  5.0
Dodging        | 6 |  6.2
Shields        | 3 |  3.8
Throwing       | |  2.0

Action                   |  1- 3 |  4- 6 |  7- 9 | 10-12 || total
-------------------------+-------+-------+-------+-------++-------
Melee: Unarmed           |    54 |   155 |   216 |    86 ||   511
       Constrict         |    14 |    45 |    47 |    23 ||   129
       Tentacles         |     8 |    27 |    55 |    21 ||   111
       Punch             |     1 |     6 |    10 |    10 ||    27
Throw: Stone             |     2 |     2 |       |       ||     4
       Dart              |       |     4 |    11 |     6 ||    21
  Use: Scroll            |       |     2 |     8 |     1 ||    11
       Potion            |       |       |       |     1 ||     1
 Stab: Sleeping          |     5 |     4 |    15 |     7 ||    31
Armor: Skin              |     6 |    12 |    18 |     4 ||    40
Dodge: Dodged            |    26 |   118 |    96 |    58 ||   298
Block: Buckler           |       |       |       |     2 ||     2
